PBL
TIJUANA TOROS @ AMERICUS BRAVES
08/10/2048
 
TOP OF THE 1ST
Tijuana Toros batting - Pitching for Americus Braves : RHP Jose Rivero
Pitching: RHP Jose Rivero
Batting: SHB Erick Hamburger 0-0: Called Strike
0-1: Ball
1-1: Ball
2-1: Fly out, F7 (Line Drive, 78M, EV 108.8 MPH)
Batting: RHB Jerry Afghani 0-0: Ball
1-0: Called Strike
1-1: Ground out 6-3 (Groundball, 6, EV 103.1 MPH)
Batting: RHB Shiki Nomoto 0-0: Ball
1-0: Ball
2-0: Ground out 6-3 (Groundball, 6, EV 105.6 MPH)
Top of the 1st over - 0 runs, 0 hits, 0 errors, 0 left on base; Tijuana 0 - Americus 0
BOTTOM OF THE 1ST
Americus Braves batting - Pitching for Tijuana Toros : RHP Bon John Bovi
Pitching: RHP Bon John Bovi
Batting: RHB Ryan Cole 0-0: Foul Ball, location: 2F
0-1: Ball
1-1: Called Strike
1-2: Ball
2-2: Ball
3-2: Ground out 5-3 (Groundball, 56, EV 88.1 MPH)
Batting: RHB Wilson Salgado 0-0: Ball
1-0: Ball
2-0: Called Strike
2-1: Ground out 4-3 (Groundball, 4, EV 106.9 MPH)
Batting: LHB Garret Mathis 0-0: Ball
1-0: Ball
2-0: Ball
3-0: Base on Balls
Batting: RHB Ricardo Joya 0-0: Foul Ball, location: 2F
0-1: Foul Ball, location: 2F
0-2: Ball
1-2: Foul Ball, location: 2F
1-2: Ball
2-2: Ball
Garret Mathis is caught stealing 2nd base 2-4
Bottom of the 1st over - 0 runs, 0 hits, 0 errors, 0 left on base; Tijuana 0 - Americus 0
TOP OF THE 2ND
Tijuana Toros batting - Pitching for Americus Braves : RHP Jose Rivero
Batting: RHB John Hanson 0-0: Called Strike
0-1: SINGLE (Groundball, 4MD, EV 101.2 MPH)
Batting: RHB Will Barksdale 0-0: Foul Ball, location: 2F
0-1: Ball
1-1: Ball
Passed Ball!
John Hanson to second
2-1: Foul Ball, location: 2F
2-2: Ball
3-2: Foul Ball, location: 2F
3-2: Strikes out swinging
Batting: RHB Mario Diaz 0-0: Foul Ball, location: 2F
0-1: Foul Ball, location: 2F
0-2: Foul Ball, location: 2F
0-2: Foul Ball, location: 2F
0-2: Ball
1-2: Foul Ball, location: 2F
1-2: Ball
2-2: Strikes out swinging
Batting: RHB Yok-sing Zhào 0-0: Ball
Wild Pitch!
John Hanson to third
1-0: Swinging Strike
1-1: Foul Ball, location: 2F
1-2: Strikes out swinging
Top of the 2nd over - 0 runs, 1 hit, 0 errors, 1 left on base; Tijuana 0 - Americus 0
BOTTOM OF THE 2ND
Americus Braves batting - Pitching for Tijuana Toros : RHP Bon John Bovi
Batting: RHB Ricardo Joya 0-0: Ball
1-0: Called Strike
1-1: Foul Ball, location: 2F
1-2: Ball
2-2: Foul Ball, location: 2F
2-2: Strikes out swinging
Batting: RHB Alex Guerra 0-0: Ball
1-0: Ball
2-0: Ball
3-0: Called Strike
3-1: Foul Ball, location: 2F
3-2: Foul Ball, location: 2F
3-2: Foul Ball, location: 2F
3-2: Foul Ball, location: 2F
3-2: TRIPLE (Flyball, 8LXD, EV 103.8 MPH)
Batting: RHB Jose Florez 0-0: Foul Ball, location: 2F
0-1: Foul Ball, location: 2F
0-2: Ground out 4-3 (Groundball, 4, EV 105.6 MPH)
Alex Guerra scores
Batting: RHB Bart Stevensdick 0-0: Ball
1-0: Ball
2-0: Called Strike
2-1: Foul Ball, location: 2F
2-2: Ball
3-2: Foul Ball, location: 2F
3-2: Fly out, F8 (Flyball, 8RD, EV 95.0 MPH)
Bottom of the 2nd over - 1 run, 1 hit, 0 errors, 0 left on base; Tijuana 0 - Americus 1
TOP OF THE 3RD
Tijuana Toros batting - Pitching for Americus Braves : RHP Jose Rivero
Batting: RHB Clay Holgate 0-0: Ball
1-0: Swinging Strike
1-1: Ball
2-1: Ground out 5-3 (Groundball, 56S, EV 70.0 MPH)
Batting: LHB Gerardo Arriaga 0-0: Ball
1-0: Foul Ball, location: 2F
1-1: Foul Ball, location: 2F
1-2: DOUBLE (Line Drive, 89D, EV 106.2 MPH)
Batting: SHB Erick Hamburger 0-0: Called Strike
0-1: Foul Ball, location: 2F
0-2: Strikes out swinging
Batting: RHB Jerry Afghani 0-0: Called Strike
0-1: Swinging Strike
0-2: Ball
1-2: Fly out, F7 (Line Drive, 7LM, EV 95.6 MPH)
Top of the 3rd over - 0 runs, 1 hit, 0 errors, 1 left on base; Tijuana 0 - Americus 1
BOTTOM OF THE 3RD
Americus Braves batting - Pitching for Tijuana Toros : RHP Bon John Bovi
Batting: RHB Juan Barela 0-0: Ground out 5-3 (Groundball, 56, EV 97.5 MPH)
Batting: LHB Pappy Sterile 0-0: DOUBLE (Line Drive, 89D, EV 103.1 MPH)
Batting: RHB Ryan Cole 0-0: Ground out 3-1 (Groundball, 34S, EV 86.2 MPH)
Pappy Sterile to third
Batting: RHB Wilson Salgado 0-0: Called Strike
0-1: Foul Ball, location: 2F
0-2: Strikes out swinging
Bottom of the 3rd over - 0 runs, 1 hit, 0 errors, 1 left on base; Tijuana 0 - Americus 1
TOP OF THE 4TH
Tijuana Toros batting - Pitching for Americus Braves : RHP Jose Rivero
Batting: RHB Shiki Nomoto 0-0: Ball
1-0: Called Strike
1-1: Ball
2-1: Ball
3-1: DOUBLE (Line Drive, 89M, EV 105.6 MPH)
Batting: RHB John Hanson 0-0: Ball
1-0: Called Strike
1-1: Foul Ball, location: 2F
1-2: Strikes out swinging
Batting: RHB Will Barksdale 0-0: Swinging Strike
0-1: Swinging Strike
0-2: Strikes out swinging
Batting: RHB Mario Diaz 0-0: Foul Ball, location: 2F
0-1: Foul Ball, location: 2F
0-2: Ball
1-2: Ball
2-2: Foul Ball, location: 2F
2-2: Fly out, F8 (Flyball, 89D, EV 81.2 MPH)
Top of the 4th over - 0 runs, 1 hit, 0 errors, 1 left on base; Tijuana 0 - Americus 1
BOTTOM OF THE 4TH
Americus Braves batting - Pitching for Tijuana Toros : RHP Bon John Bovi
Batting: LHB Garret Mathis 0-0: Called Strike
0-1: Ball
1-1: SINGLE (Groundball, 6S, EV 64.4 MPH) (infield hit)
Batting: RHB Ricardo Joya 0-0: Swinging Strike
0-1: Ball
1-1: Called Strike
1-2: Strikes out swinging
Batting: RHB Alex Guerra 0-0: Ball
1-0: Called Strike
Garret Mathis steals 2nd base
1-1: Fly out, F6 (Line Drive, 6, EV 68.8 MPH)
Batting: RHB Jose Florez 0-0: Fly out, F8 (Flyball, 78M, EV 88.1 MPH)
Bottom of the 4th over - 0 runs, 1 hit, 0 errors, 1 left on base; Tijuana 0 - Americus 1
TOP OF THE 5TH
Tijuana Toros batting - Pitching for Americus Braves : RHP Jose Rivero
Batting: RHB Yok-sing Zhào 0-0: Ball
1-0: Ball
2-0: Ball
3-0: Base on Balls
Batting: RHB Clay Holgate
Pinch Hitting: RHB Guo Kwok 0-0: Foul Ball, location: 2F
0-1: Ball
1-1: Fly out, F7 (Flyball, 78M, EV 95.6 MPH)
Pinch Hitting: RHB Tony Vasquez 0-0: Called Strike
0-1: Ball
1-1: Fly out, F4 (Line Drive, 4, EV 71.9 MPH)
Batting: SHB Erick Hamburger 0-0: Called Strike
Yok-sing Zhào is caught stealing 2nd base 2-6
Top of the 5th over - 0 runs, 0 hits, 0 errors, 0 left on base; Tijuana 0 - Americus 1
BOTTOM OF THE 5TH
Americus Braves batting - Pitching for Tijuana Toros : RHP Bon John Bovi
Now at 1B: Guo Kwok
Now in RF: Tan-ming Kwan
Batting: RHB Bart Stevensdick 0-0: Fly out, F8 (Flyball, 8RD, EV 103.1 MPH)
Batting: RHB Juan Barela 0-0: Ball
1-0: Called Strike
1-1: Foul Ball, location: 2F
1-2: Ground out 6-3 (Groundball, 6, EV 81.9 MPH)
Batting: LHB Pappy Sterile 0-0: Ball
1-0: Called Strike
1-1: Ball
2-1: Foul Ball, location: 2F
2-2: Foul Ball, location: 2F
2-2: Strikes out swinging
Bottom of the 5th over - 0 runs, 0 hits, 0 errors, 0 left on base; Tijuana 0 - Americus 1
TOP OF THE 6TH
Tijuana Toros batting - Pitching for Americus Braves : RHP Jose Rivero
Batting: SHB Erick Hamburger 0-0: Swinging Strike
0-1: Fly out, F7 (Flyball, 7, EV 83.8 MPH)
Batting: RHB Jerry Afghani 0-0: Called Strike
0-1: Swinging Strike
0-2: Strikes out swinging
Batting: RHB Shiki Nomoto 0-0: Swinging Strike
0-1: Foul Ball, location: 2F
0-2: Foul Ball, location: 2F
0-2: Ball
1-2: Ground out 5-3 (Groundball, 15, EV 75.6 MPH)
Top of the 6th over - 0 runs, 0 hits, 0 errors, 0 left on base; Tijuana 0 - Americus 1
BOTTOM OF THE 6TH
Americus Braves batting - Pitching for Tijuana Toros : RHP Bon John Bovi
Batting: RHB Ryan Cole 0-0: Foul Ball, location: 2F
0-1: Ball
1-1: Ball
2-1: Swinging Strike
2-2: Strikes out swinging
Batting: RHB Wilson Salgado 0-0: Called Strike
0-1: Ground out 6-3 (Groundball, 6M, EV 81.9 MPH)
Batting: LHB Garret Mathis 0-0: Ground out U3 (Groundball, 3, EV 89.4 MPH)
Bottom of the 6th over - 0 runs, 0 hits, 0 errors, 0 left on base; Tijuana 0 - Americus 1
TOP OF THE 7TH
Tijuana Toros batting - Pitching for Americus Braves : RHP Jose Rivero
Batting: RHB John Hanson 0-0: Called Strike
0-1: Swinging Strike
0-2: Foul Ball, location: 2F
0-2: Ball
1-2: Ground out 5-3 (Groundball, 56S, EV 83.8 MPH)
Batting: RHB Will Barksdale 0-0: Ball
1-0: Called Strike
1-1: Foul Ball, location: 2F
1-2: Ground out 6-3 (Groundball, 56D, EV 86.9 MPH)
Batting: RHB Mario Diaz 0-0: Swinging Strike
0-1: Foul Ball, location: 2F
0-2: Ground out 5-3 (Groundball, 56S, EV 81.9 MPH)
Top of the 7th over - 0 runs, 0 hits, 0 errors, 0 left on base; Tijuana 0 - Americus 1
BOTTOM OF THE 7TH
Americus Braves batting - Pitching for Tijuana Toros : RHP Bon John Bovi
Batting: RHB Ricardo Joya 0-0: Ball
1-0: Foul Ball, location: 2F
1-1: Ball
2-1: Called Strike
2-2: Ball
3-2: Foul Ball, location: 2F
3-2: Fly out, F7 (Line Drive, 78M, EV 108.1 MPH)
Batting: RHB Alex Guerra 0-0: Swinging Strike
0-1: Ground out 6-3 (Groundball, 56, EV 105.0 MPH)
Batting: RHB Jose Florez 0-0: Ground out 5-3 (Groundball, 56, EV 89.4 MPH)
Bottom of the 7th over - 0 runs, 0 hits, 0 errors, 0 left on base; Tijuana 0 - Americus 1
TOP OF THE 8TH
Tijuana Toros batting - Pitching for Americus Braves : RHP Jose Rivero
Batting: RHB Yok-sing Zhào 0-0: Foul Ball, location: 2F
0-1: Ball
1-1: Foul Ball, location: 2F
1-2: Ball
2-2: Strikes out looking
Batting: RHB Guo Kwok 0-0: Swinging Strike
0-1: Ball
1-1: Foul Ball, location: 2F
1-2: Ball
2-2: Ball
3-2: Strikes out swinging
Batting: RHB Tan-ming Kwan 0-0: SINGLE (Line Drive, 8RS, EV 110.6 MPH)
Batting: SHB Erick Hamburger 0-0: Called Strike
0-1: Called Strike
0-2: Ball
1-2: Fly out, F8 (Flyball, 78M, EV 95.6 MPH)
Top of the 8th over - 0 runs, 1 hit, 0 errors, 1 left on base; Tijuana 0 - Americus 1
BOTTOM OF THE 8TH
Americus Braves batting - Pitching for Tijuana Toros : RHP Bon John Bovi
Batting: RHB Bart Stevensdick 0-0: Swinging Strike
0-1: Ball
1-1: Ground out U3 (Groundball, 34, EV 110.6 MPH)
Batting: RHB Juan Barela 0-0: Ball
1-0: Foul Ball, location: 2F
1-1: Ball
2-1: Foul Ball, location: 2F
2-2: Ball
3-2: Foul Ball, location: 2F
3-2: SOLO HOME RUN (Flyball, 7LD, EV 95.6 MPH), Distance : 347 ft
Batting: LHB Pappy Sterile 0-0: Ball
1-0: Called Strike
1-1: Ground out 3-1 (Groundball, 34, EV 86.2 MPH)
Batting: RHB Ryan Cole 0-0: Ball
1-0: Foul Ball, location: 2F
1-1: Foul Ball, location: 2F
1-2: Ball
2-2: SINGLE (Line Drive, 34, EV 97.5 MPH)
Pitching: RHP Jeremy Pollom
Batting: RHB Wilson Salgado 0-0: Called Strike
Ryan Cole is caught stealing 2nd base 2-4
Bottom of the 8th over - 1 run, 2 hits, 0 errors, 0 left on base; Tijuana 0 - Americus 2
TOP OF THE 9TH
Tijuana Toros batting - Pitching for Americus Braves : RHP Jose Rivero
Pitching: RHP Bill Marshall
Batting: RHB Jerry Afghani 0-0: Ball
1-0: Ball
2-0: Swinging Strike
2-1: Swinging Strike
2-2: Ball
3-2: Strikes out swinging
Batting: RHB Shiki Nomoto 0-0: Ground out 5-3 (Groundball, 5S, EV 69.4 MPH)
Batting: RHB John Hanson 0-0: Called Strike
0-1: Ball
1-1: Foul Ball, location: 2F
1-2: Ball
2-2: Ball
3-2: Strikes out swinging
Top of the 9th over - 0 runs, 0 hits, 0 errors, 0 left on base; Tijuana 0 - Americus 2
Tuesday, March 28th , 2023 - OOTP Baseball 23.10 Build 110